 Dungeon Crawl Stone Soup version 0.31-a0-496-g6f97920a28 (webtiles) character file.

Game seed: 5249561191140478598

766 LobsterGuardian the Stinger (level 7, -12/38 HPs)
             Began as a Gargoyle Venom Mage on Aug 9, 2023.
             Was an Initiate of Yredelemnul.
             Mangled by an ogre
             ... wielding a +0 giant club
              (26 damage)
             ... on level 5 of the Dungeon.
             The game lasted 00:14:10 (4301 turns).

LobsterGuardian the Stinger (Gargoyle Venom Mage)   Turns: 4301, Time: 00:14:10

Health: -12/38     AC: 13    Str: 11    XL:     7   Next: 82%
Magic:  5/12       EV: 11    Int: 18    God:    Yredelemnul [......]
Gold:   302        SH:  0    Dex: 10    Spells: 0/13 levels left

rFire   . . .        g - +0 dagger
rCold   . . .        (no shield)
rNeg    + . .        c - +0 leather armour
rPois   ∞            k - +0 helmet
rElec   +            p - +2 cloak {Will+}
rCorr   .            e - +0 pair of gloves
SInv    .            (no boots)
Will    ++...        (no amulet)
Stlth   ++           (no ring)
HPRegen 0.26/turn    (no ring)
MPRegen 0.13/turn

%: no passive effects
@: very slightly contaminated, studying Ice Magic
A: sickness immunity, AC +4, negative energy resistance 1, electricity
resistance, torment resistance 1, petrification resistance, strong-willed 1,
screaming 1, wild magic 1
a: Renounce Religion, Recall Undead Harvest


You were on level 5 of the Dungeon.
You worshipped Yredelemnul.
Yredelemnul was noncommittal.
You visited 2 branches of the dungeon, and saw 6 of its levels.

You collected 302 gold pieces.

Inventory:

Hand Weapons
 g - a +0 dagger (weapon)
Armour
 c - a +0 leather armour (worn)
 e - a +0 pair of gloves (worn)
 k - a +0 helmet (worn)
 p - a +2 cloak of willpower (worn)
Jewellery
 r - a ring of fire
Wands
 a - a wand of polymorph (12)
 l - a wand of paralysis (17)
 n - a wand of quicksilver (7)
Scrolls
 d - a scroll of vulnerability
 f - a scroll of fog
 i - 2 scrolls of blinking
 q - a scroll of poison {unknown}
 s - a scroll of teleportation
 t - a scroll of fear {unknown}
 u - a scroll of identify
Potions
 b - a potion of magic
 h - a potion of might {unknown}
 j - 2 potions of enlightenment
 m - a potion of mutation
 o - a potion of lignification


   Skills:
 - Level 1.1 Fighting
 - Level 2.0 Armour
 - Level 2.6 Dodging
 - Level 3.0 Stealth
 - Level 3.6 Spellcasting
 - Level 0.2 Conjurations
 + Level 2.8 Transmutations
 - Level 1.3 Air Magic
 + Level 5.8 Poison Magic


You couldn't memorise any spells.
You knew the following spells:

 Your Spells              Type           Power      Damage    Failure   Level
a - Sting                 Tmut/Pois      96%        1d7       6%          1
b - Poisonous Vapours     Pois/Air       40%        N/A       11%         2
c - Mephitic Cloud        Conj/Pois/Air  15%        N/A       30%         3
d - Ignite Poison         Fire/Tmut/Pois 17%        N/A       26%         3
e - Olgreb's Toxic Radia  Pois           31%        N/A       26%         4

Your spell library contained the following spells:

 Spells                   Type           Power      Damage    Failure   Level
 Passwall                 Tmut/Erth      8%         N/A       24%         2
 Ensorcelled Hibernation  Hex/Ice        8%         N/A       38%         2
 Swiftness                Air            10%        N/A       43%         3
 Portal Projectile        Hex/Tloc       8%         N/A       61%         3
 Tukima's Dance           Hex            4%         N/A       61%         3
 Iskenderun's Mystic Bla  Conj/Tloc      4%         2d3       92%         4
 Freezing Cloud           Conj/Ice/Air   3%         6-21      99%         5
 Cigotuvi's Dreadful Rot  Necr/Pois/Air  Unusable   N/A       N/A         2

Dungeon Overview and Level Annotations

Branches:
Dungeon (5/15)             Temple (1/1) D:5

Altars:
Ashenzari
Cheibriados
Dithmenos
Elyvilon
Gozag
Hepliaklqana
Makhleb
Nemelex Xobeh
Okawaru
Ru
Sif Muna
Trog
Uskayaw
Wu Jian
Xom
Yredelemnul
Zin
The Shining One

Shops:
D:3 ?


Innate Abilities, Weirdness & Mutations

You are immune to sickness and miasma.
Your stone body is resilient. (AC +4)
You are immune to poison.
You resist negative energy. (rN+)
You are resistant to electric shocks. (rElec)
You are resistant to unholy torment.
You are immune to petrification.
You are strong-willed. (Will+)
You occasionally shout uncontrollably at your foes.
Your spells are a little harder to cast, but a little more powerful.


Message History

Press: ? - help, Dir - move target, f - ogre
Aim: an ogre, wielding a +0 giant club (moderately wounded, poisoned, ally target) Poisonous vapours surround the ogre!
The ogre looks even sicker.
Your adder zombie barely misses the ogre.
The ogre closely misses your adder zombie.
Your adder zombie barely misses the ogre.
Unknown command.
The ogre misses your adder zombie.
Your adder zombie bites the ogre but does no damage.
Your adder zombie barely misses the ogre.
The ogre barely misses your adder zombie.
Your adder zombie bites the ogre.
Your adder zombie bites the ogre but does no damage.
The ogre hits your adder zombie with a +0 giant club!
Your adder zombie is destroyed!
You miscast Sting.
You are very lightly contaminated with residual magic.
Nothing appears to happen.
Unknown command.
The sting hits the ogre but does no damage.
The ogre looks even sicker.
The ogre is severely wounded.
Unknown command.
You hit the ogre.
The ogre is severely wounded.
The ogre hits you with a +0 giant club!
You hit the ogre.
The ogre is almost dead.
The ogre misses you.
You hit the ogre but do no damage.
The ogre is almost dead.
You closely miss the ogre.
The ogre is almost dead.
The ogre hits you with a +0 giant club!
You hit the ogre.
The ogre is almost dead.
The ogre hits you with a +0 giant club!!
Ouch! That really hurt!
You die...
Your body rises from the dead as a mindless zombie.

#..........#....##..#####......#
#..........'....##..#......#####
#..|.......####+##..#......+ +
#[...............#..#......# #
#................#..#......# ##
#.....#####......####......####_
#.....# #......# .#.........#.
#.....# #......#..#.........#.
#.....# #....@O'..#.........#.
#.....# +......#..#.........#.
#.....# #......# .#.........#.
#.....# #......# #.........#.
#.....# #......####.........#_
#............#####..##
#............# +....
#............# #....
#............# #....


You could see an ogre (poisoned).

Vanquished Creatures
  A water moccasin (D:4)
  2 black bears (D:4)
  An ice beast (D:5)
  A gnoll sergeant (D:4)
  2 scorpions
  2 hounds
  An iguana (D:5)
  3 gnolls (D:4)
  4 adders
  2 ufetubi (D:4)
  3 worms
  A dart slug (D:2)
  An orc (D:5)
  4 ball pythons
  4 endoplasms
  A giant cockroach (D:3)
  5 goblins
  6 hobgoblins
  3 quokkas
  5 bats
  2 frilled lizards
  6 kobolds
  7 rats
67 creatures vanquished.

Vanquished Creatures (others)
  An adder zombie (D:5)
1 creature vanquished.

Grand Total: 68 creatures vanquished

Notes
Turn   | Place    | Note
-------+----------+-------------------------------------------
     0 | D:1      | LobsterGuardian the Gargoyle Venom Mage began the quest for
                  | the Orb.
     0 | D:1      | Reached XP level 1. HP: 10/10 MP: 3/3
   142 | D:1      | Found a faded altar of an unknown god.
   331 | D:1      | Reached XP level 2. HP: 15/15 MP: 3/5
   684 | D:1      | Gained mutation: You occasionally shout uncontrollably at
                  | your foes. [potion of mutation]
   684 | D:1      | Gained mutation: You are strong-willed. (Will+) [potion of
                  | mutation]
   684 | D:1      | Gained mutation: Your spells are a little harder to cast,
                  | but a little more powerful. [potion of mutation]
   713 | D:2      | Reached skill level 1 in Transmutations
   717 | D:2      | Learned a level 2 spell: Poisonous Vapours
  1139 | D:2      | Reached XP level 3. HP: 19/19 MP: 3/6
  1339 | D:2      | Noticed Sigmund
  1341 | D:2      | Reached skill level 4 in Poison Magic
  1343 | D:2      | Sigmund changed into Sigmund the worm
  1343 | D:2      | Noticed Sigmund
  1348 | D:2      | Killed Sigmund the worm
  1619 | D:3      | Learned a level 3 spell: Mephitic Cloud
  2132 | D:3      | Found Hies's Magic Scroll Boutique.
  2355 | D:3      | Reached XP level 4. HP: 21/24 MP: 5/7
  2615 | D:4      | Noticed a scorpion
  2624 | D:4      | Killed a scorpion
  2625 | D:4      | Reached skill level 1 in Armour
  2625 | D:4      | Reached XP level 5. HP: 28/28 MP: 0/9
  2923 | D:4      | Noticed a water moccasin
  2943 | D:4      | Killed a water moccasin
  2944 | D:4      | Reached XP level 6. HP: 33/33 MP: 8/10
  3217 | D:4      | Noticed a black bear
  3219 | D:4      | Noticed a black bear
  3255 | D:5      | Entered Level 5 of the Dungeon
  3363 | D:4      | Killed a black bear
  3364 | D:4      | Reached skill level 1 in Fighting
  3364 | D:4      | Reached skill level 5 in Poison Magic
  3364 | D:4      | Reached XP level 7. HP: 38/38 MP: 3/12
  3778 | D:4      | Learned a level 3 spell: Ignite Poison
  3783 | D:4      | Learned a level 4 spell: Olgreb's Toxic Radiance
  3858 | D:5      | Found a staircase to the Ecumenical Temple.
  3883 | Temple   | Entered the Ecumenical Temple
  3893 | D:5      | Reached skill level 1 in Air Magic
  3940 | Temple   | Became a worshipper of Yredelemnul the Dark
  3958 | D:5      | Found an opulent altar of Gozag.
  3960 | D:5      | Found a bloodstained altar of Trog.
  3960 | D:5      | Found an ornate altar of the Wu Jian Council.
  3960 | D:5      | Found a glowing golden altar of the Shining One.
  3968 | D:5      | Found a shadowy altar of Dithmenos.
  3973 | D:5      | Found a sparkling altar of Nemelex Xobeh.
  4301 | D:5      | Mangled by an ogre

Illustrated notes

Levels and vault maps discovered:
D:1:      dpeg_arrival_pits, layout_basic,
          hellmonk_ecumenical_altar_leap_of_faith
D:2:      layout_loops_cross, uniq_sigmund
D:3:      layout_loops_ring, serial_shops, shop
D:4:      layout_basic
D:5:      layout_gridville, minmay_overflow_temple_hex,
          minmay_temple_entry_butterflies
Temple:   nicolae_temple_no_exploring_needed

Skill      XL: |  1  2  3  4  5  6  7 |
---------------+----------------------+-----
Transmutations | 1 2 |  2.8
Poison Magic   | 4 5 |  5.8
Armour         | 1 2 |  2.0
Dodging        | 2 |  2.6
Spellcasting   | 3 |  3.6
Stealth        | 3 |  3.0
Fighting       | 1 |  1.1
Air Magic      | 1 |  1.3
Conjurations   | |  0.2

Action                     |  1- 3 |  4- 6 |  7- 9 || total
---------------------------+-------+-------+-------++-------
  Melee: Unarmed           |     7 |       |       ||     7
         Dagger            |    72 |    71 |    28 ||   171
         Punch             |     1 |       |       ||     1
   Cast: Sting             |    63 |    30 |    18 ||   111
         Poisonous Vapours |       |     6 |     3 ||     9
         Mephitic Cloud    |       |     3 |     3 ||     6
         Olgreb's Toxic Ra |       |       |     1 ||     1
         Ignite Poison     |       |       |     1 ||     1
  Evoke: Wand              |     1 |     2 |       ||     3
    Use: Scroll            |     6 |     1 |     2 ||     9
         Potion            |     1 |     1 |       ||     2
   Stab: Confused          |       |     3 |     2 ||     5
         Paralysed         |       |     6 |       ||     6
         Sleeping          |       |       |     1 ||     1
 Armour: Robe              |    10 |       |       ||    10
         Leather armour    |    21 |    70 |    14 ||   105
  Dodge: Dodged            |    51 |   101 |    27 ||   179

Table legend: (Time is in decaauts)
 A = Elapsed time spent in this place.
 B = Non-inter-level travel time spent in this place.
 C = Inter-level travel time spent in this place.
 D = Time resting spent in this place.
 E = Time spent auto-exploring this place.
 F = Levels seen in this place.
 G = Mean time per level.
                   A        B        C        D        E       F      G
               +--------+--------+--------+--------+--------+-----+--------+
         Total |   4300 |   4178 |    122 |     55 |   3372 |   6 |  716.7 |
       Dungeon |   4245 |   4136 |    109 |     55 |   3335 |   5 |  849.0 |
        Temple |     54 |     41 |     13 |      0 |     37 |   1 |   54.0 |
               +--------+--------+--------+--------+--------+-----+--------+

Top non-repeatable levels by time:
     D:4: 1277 daAuts
     D:2: 895 daAuts
     D:3: 830 daAuts
     D:1: 697 daAuts
     D:5: 544 daAuts
  Temple: 54 daAuts
